 Dungeon Crawl Stone Soup version 0.30.1-9-gdf580d7c3d (webtiles) character file.

Game seed: 5253872124221076071

135 ChiefBigBeans the Grave Robber (level 4, 0/30 HPs)
             Began as a Demonspawn Necromancer on Sept 25, 2023.
             Slain by an orc wizard
             ... wielding a +0 mace
              (6 damage)
             ... on level 3 of the Dungeon.
             The game lasted 00:07:45 (2458 turns).

ChiefBigBeans the Grave Robber (DsNe)               Turns: 2458, Time: 00:07:46

Health: 0/30       AC:  4    Str:  7    XL:     4   Next: 96%
Magic:  6/8        EV: 11    Int: 22    God:
Gold:   128        SH:  0    Dex: 13    Spells: 1/9 levels left

rFire   . . .        g - +1 short sword (heavy)
rCold   + . .        (no shield)
rNeg    . . .        q - +1 leather armour
rPois   .            (helmet restricted)
rElec   .            (no cloak)
rCorr   .            (no gloves)
SInv    .            (no boots)
Will    .....        (no amulet)
Stlth   ++           u - ring of flight
HPRegen 0.25/turn    (no ring)
MPRegen 0.11/turn

%: no passive effects
@: flying
A: horns 1, foul stench 1, clever 1, cold resistance 1, sense surroundings 1
a: no special abilities


You were on level 3 of the Dungeon.
You visited 1 branch of the dungeon, and saw 3 of its levels.

You collected 128 gold pieces.

Inventory:

Hand Weapons
 d - a +0 club
 g - a +1 heavy short sword (weapon)
Armour
 a - a +0 robe
 q - a +1 leather armour (worn)
Magical Staves
 s - a staff of cold
Jewellery
 u - a ring of flight (left hand)
Wands
 t - a wand of paralysis (15)
Scrolls
 i - a scroll of teleportation
 m - a scroll of identify
Potions
 b - a potion of magic
 c - 3 potions of curing
 e - a potion of mutation
 f - 2 potions of lignification
 h - 2 potions of brilliance


   Skills:
 + Level 1.9 Short Blades
 - Level 1.8 Dodging
 - Level 1.8 Stealth
 + Level 3.2 Spellcasting
 + Level 5.4 Necromancy


You had one spell level left.
You knew the following spells:

 Your Spells              Type           Power      Damage    Failure   Level
a - Necrotise             Necr           100%       1d9       1%          1
b - Vampiric Draining     Necr           27%        2d7       6%          3
c - Animate Dead          Necr           27%        N/A       19%         4

Your spell library contained the following spells:

 Spells                   Type           Power      Damage    Failure   Level
 Magic Dart               Conj           12%        1d3       19%         1
 Call Imp                 Summ           6%         N/A       28%         2
 Agony                    Necr           27%        N/A       47%         5
 Mephitic Cloud           Conj/Pois/Air  3%         N/A       50%         3


Dungeon Overview and Level Annotations

Branches:
Dungeon (3/15)

Altars:
Dithmenos


Innate Abilities, Weirdness & Mutations

You have a pair of small horns on your head.
You may rarely emit foul miasma when damaged in melee.
Your mind is acute. (Int +4, Str/Dex -1)
Your flesh is cold resistant. (rC+)
You passively map a small area around you.


Message History

You are too confused!
You are too confused!
Are you sure you want to stumble around while confused and next to your orc skeleton? [Y]es or [N]o only, please.
Are you sure you want to stumble around while confused and next to your orc skeleton? [Y]es or [N]o only, please.
Are you sure you want to stumble around while confused and next to your orc skeleton? [Y]es or [N]o only, please.
Are you sure you want to stumble around while confused and next to your orc skeleton?
You're too confused to move!
The orc wizard hits you but does no damage.
Are you sure you want to stumble around while confused and next to your orc skeleton? [Y]es or [N]o only, please.
Are you sure you want to stumble around while confused and next to your orc skeleton? [Y]es or [N]o only, please.
Are you sure you want to stumble around while confused and next to your orc skeleton?
You closely miss the orc wizard.
The orc wizard is moderately wounded.
The orc wizard hits you with a +0 mace.
Are you sure you want to stumble around while confused and next to your orc skeleton? [Y]es or [N]o only, please.
Are you sure you want to stumble around while confused and next to your orc skeleton?
You barely miss the orc wizard.
The orc wizard is moderately wounded.
The orc wizard barely misses you. The orc wizard hits you with a +0 mace.
Are you sure you want to stumble around while confused and next to your orc skeleton?
You hit the orc wizard but do no damage.
The orc wizard is moderately wounded.
The orc wizard hits you with a +0 mace.
* * * LOW HITPOINT WARNING * * *
Are you sure you want to stumble around while confused and next to your orc skeleton?
You puncture your orc skeleton!
You destroy your orc skeleton!
You feel less confused. The orc wizard hits you with a +0 mace.
* * * LOW HITPOINT WARNING * * *
You emit a cloud of foul miasma!
The orc wizard attacks as you move away!
The orc wizard hits you with a +0 mace.
You die...

#Z#
#.#............##.#.#..#
#.#
#.#.####...รท.)....#...##
#.# #.#.#
##########.#......... ..#
#.#.# #.. ..>...######
### #.#.# #.# ######## *
## ##'#.# #.# ,, , , .#
#....# #)# * *, * * .#
#....#######.#, * .#
#..........#@# *
.####...######.#o#.####,
.#....<.........o.......
.#.########..####^####..
.#...........# ...,*
.#.#.#######.# ....#
##.#.# #.....# , ....#,
...#.###.###.# _...^.,*
####.....# #.# ...?#.


You could see 2 orc wizards.

Vanquished Creatures
  A hound (D:2)
  An orc wizard (D:3)
  An adder (D:2)
  A worm (D:2)
  2 dart slugs (D:1)
  2 orcs
  5 ball pythons
  2 bats (D:1)
  4 endoplasms
  3 giant cockroaches
  6 goblins
  5 hobgoblins
  2 jackals (D:2)
  7 kobolds
  3 quokkas
  5 frilled lizards
  6 rats
56 creatures vanquished.

Vanquished Creatures (collateral kills)
  A ball python (D:1)
  An endoplasm (D:1)
  A giant cockroach (D:1)
  A jackal (D:2)
4 creatures vanquished.

Grand Total: 60 creatures vanquished

Notes
Turn   | Place    | Note
-------+----------+-------------------------------------------
     0 | D:1      | ChiefBigBeans the Demonspawn Necromancer began the quest
                  | for the Orb.
     0 | D:1      | Reached XP level 1. HP: 13/13 MP: 3/3
   208 | D:1      | Gained mutation: You may rarely emit foul miasma when
                  | damaged in melee. [demonic ancestry]
   208 | D:1      | Reached XP level 2. HP: 19/19 MP: 1/5
   854 | D:1      | Reached XP level 3. HP: 9/24 MP: 0/6
  1071 | D:2      | Reached skill level 1 in Short Blades
  1186 | D:2      | Reached skill level 5 in Necromancy
  1304 | D:2      | Gained mutation: You have a pair of small horns on your
                  | head. [demonic ancestry]
  1304 | D:2      | Reached XP level 4. HP: 27/30 MP: 3/8
  1946 | D:2      | Gained mutation: Your mind is acute. (Int +4, Str/Dex -1)
                  | [potion of mutation]
  1946 | D:2      | Gained mutation: You passively map a small area around you.
                  | [potion of mutation]
  1946 | D:2      | Gained mutation: Your flesh is cold resistant. (rC+)
                  | [potion of mutation]
  1971 | D:3      | Learned a level 3 spell: Vampiric Draining
  1976 | D:3      | Learned a level 4 spell: Animate Dead
  2440 | D:3      | Found a shadowy altar of Dithmenos.
  2458 | D:3      | Slain by an orc wizard

Illustrated notes

Levels and vault maps discovered:
D:1:      mrwooster_arrival_statue, layout_basic
D:2:      layout_basic, kennysheep_boxes
D:3:      layout_basic, lemuel_tele_altar, dreamdust_ecumenical_altar_grove

Skill      XL: |  1  2  3  4 |
---------------+-------------+-----
Short Blades   | 1 |  1.9
Necromancy     | 5 |  5.4
Spellcasting   | 3 |  3.2
Dodging        | |  1.8
Stealth        | |  1.8

Action                     |  1- 3 |  4- 6 || total
---------------------------+-------+-------++-------
  Melee: Unarmed           |     7 |       ||     7
         Club              |     2 |       ||     2
         Short sword       |    28 |    21 ||    49
         Headbutt          |       |     2 ||     2
   Cast: Necrotise         |    54 |    29 ||    83
    Use: Scroll            |     1 |     7 ||     8
         Potion            |       |     7 ||     7
 Armour: Robe              |     2 |       ||     2
         Leather armour    |     5 |     6 ||    11
  Dodge: Dodged            |    20 |    14 ||    34
